[Event "Team 45 45 League T100"]
[Site "Internet Chess Club"]
[Date "2024.06.22"]
[Round "6"]
[White "Gilguli"]
[Black "Denis240964"]
[Result "0-1"]
[WhiteElo "1433"]
[BlackElo "1349"]
[Opening "Van't Kruijs opening"]
[ECO "A00"]
[Time "09:06:39"]
[PlyCount "82"]
[TimeControl "2700+45"]

1. e3 e5 2. e4 Nc6 3. Nc3 Nf6 4. g3 Bc5 5. Bg2 d6 6. h3 O-O 7. d3 Be6 8. Na4 Bb6
9. Nxb6 axb6 10. f4 Rxa2 11. Rxa2 Bxa2 12. b3 Qa8 13. Nf3 Qa5+ 14. Bd2 Qb5 15.
O-O Ra8 16. f5 Qc5+ 17. Kh2 Nd4 18. Nxd4 Qxd4 19. g4 Nd7 20. h4 Nc5 21. g5 Nxd3
22. cxd3 Qxd3 23. Rf3 Qxe4 24. Rc3 Qxh4+ 25. Rh3 Qd4 26. f6 g6 27. Qc2 c6 28.
Be3 Qb4 29. Qf2 Bxb3 30. Rh4 Qc3 31. Rxh7 Qc4 32. Rg7+ Kh8 33. Qg3 Bd1 34. Rxf7
Qxf7 35. Bxb6 Qh7+ 36. Bh3 Ra2+ 37. Kg1 Qh5 38. Qd3 Qxg5+ 39. Kf1 Be2+ 40. Qxe2
Rxe2 41. Kxe2 Qxf6 {White resigns} 0-1

[Event "Team 45 45 League T100"]
[Site "Internet Chess Club"]
[Date "2024.06.20"]
[Round "6"]
[White "smsxman"]
[Black "Toalla"]
[Result "1-0"]
[WhiteElo "1403"]
[BlackElo "1091"]
[Opening "Sicilian: closed"]
[ECO "B23"]
[Time "09:00:05"]
[PlyCount "34"]
[TimeControl "2700+45"]

1. e4 c5 2. Nc3 e6 3. Nf3 Nc6 4. a3 Be7 5. g3 h6 6. Bg2 a6 7. O-O d6 8. d4 cxd4
9. Nxd4 d5 10. exd5 exd5 11. Nxd5 Be6 12. Nxe7 Ngxe7 13. c3 O-O 14. Be3 Rc8 15.
Nxc6 Qxd1 16. Nxe7+ Kh8 17. Raxd1 Rcd8 {Black resigns} 1-0

[Event "Team 45 45 League T100"]
[Site "Internet Chess Club"]
[Date "2024.06.21"]
[Round "6"]
[White "VictorRed"]
[Black "QuieroAprender"]
[Result "0-1"]
[WhiteElo "1631"]
[BlackElo "1747"]
[Opening "Réti opening"]
[ECO "A04"]
[Time "19:02:28"]
[PlyCount "81"]
[TimeControl "2700+45"]

1. Nf3 Nc6 2. d4 d6 3. d5 Nb8 4. c4 c5 5. Nc3 a6 6. e4 Bg4 7. Be2 h6 8. Bf4 g5
9. Bg3 Bg7 10. h3 Bxf3 11. Bxf3 Qa5 12. Qc2 Bxc3+ 13. bxc3 Nd7 14. O-O f6 15.
Be2 h5 16. f4 h4 17. Bh2 O-O-O 18. Bg4 Kb8 19. Rab1 gxf4 20. Bxf4 Ne5 21. Bxe5
fxe5 22. Rb3 Ka8 23. Qb2 Qc7 24. Rb1 Rb8 25. a4 Nf6 26. Bf5 Rhg8 27. a5 Rg3 28.
Rb6 Ka7 29. Kh1 Nh5 30. Qa1 Nf4 31. Rg1 Rbg8 32. Bg4 R8xg4 33. hxg4 Qc8 34. Qb2
h3 35. Kh2 Rxg2+ 36. Rxg2 hxg2 37. Kg1 Ka8 38. Qb1 Qxg4 39. Rb2 Nh3+ 40. Kh2
g1=Q+ 41. Qxg1 {White resigns} 0-1

[Event "Team 45 45 League T100"]
[Site "Internet Chess Club"]
[Date "2024.06.23"]
[Round "6"]
[White "justice02"]
[Black "vollmerj"]
[Result "1/2-1/2"]
[WhiteElo "1548"]
[BlackElo "1535"]
[Opening "Sicilian: Hungarian variation"]
[ECO "B27"]
[Time "10:40:06"]
[PlyCount "95"]
[TimeControl "2700+45"]

1. e4 c5 2. Nf3 g6 3. Nc3 Bg7 4. g3 d6 5. Bg2 Nc6 6. O-O Nf6 7. d3 O-O 8. Re1
Bg4 9. Ne2 d5 10. h3 Bxf3 11. Bxf3 dxe4 12. dxe4 Ne5 13. Bg2 Qxd1 14. Rxd1 Rad8
15. Be3 b6 16. b3 Nc6 17. Rac1 Nb4 18. Rxd8 Rxd8 19. a3 Nc6 20. Nc3 Ng4 21. hxg4
Bxc3 22. Rb1 Nd4 23. Bh6 Ne6 24. Be3 Bd2 25. Rd1 Bxe3 26. Rxd8+ Nxd8 27. fxe3 e5
28. Bf1 Kf8 29. Kf2 Ke7 30. Bc4 Ne6 31. Ke2 Kd6 32. Kd3 f6 33. c3 Nc7 34. Bg8 h6
35. c4 b5 36. Bh7 g5 37. Bf5 a5 38. Bc8 b4 39. a4 Ne6 40. Bxe6 Kxe6 41. Ke2 Kf7
42. Kf2 Kg7 43. Kf3 Kg6 44. Kg2 h5 45. Kh3 Kh6 46. gxh5 Kxh5 47. g4+ Kg6 48. Kg3
{Game drawn by mutual agreement} 1/2-1/2

[Event "Team 45 45 League T100"]
[Site "Internet Chess Club"]
[Date "2024.06.20"]
[Round "6"]
[White "mongmong"]
[Black "isolani"]
[Result "1/2-1/2"]
[WhiteElo "1475"]
[BlackElo "1466"]
[Opening "Queen's pawn game"]
[ECO "A46"]
[Time "17:13:29"]
[PlyCount "41"]
[TimeControl "2700+45"]

1. d4 Nf6 2. Nf3 d6 3. c4 Nbd7 4. Nc3 c6 5. e4 e5 6. dxe5 dxe5 7. Be2 Be7 8. O-O
O-O 9. Qc2 a5 10. Bg5 Qc7 11. Rfd1 Nc5 12. b3 Bg4 13. h3 Bh5 14. Be3 Bg6 15.
Bxc5 Bxc5 16. Bd3 Rfe8 17. a3 Bd4 18. Nxd4 exd4 19. Ne2 c5 20. f3 Rad8 21. Kf2
{Game drawn by mutual agreement} 1/2-1/2

[Event "Team 45 45 League T100"]
[Site "Internet Chess Club"]
[Date "2024.06.21"]
[Round "6"]
[White "DaveTheRook"]
[Black "burlap"]
[Result "1-0"]
[WhiteElo "1432"]
[BlackElo "1467"]
[Opening "QGD: Neo-orthodox variation, 7.Bh4"]
[ECO "D56"]
[Time "20:00:23"]
[PlyCount "101"]
[TimeControl "2700+45"]

1. d4 e6 2. c4 d5 3. Nc3 Nf6 4. Bg5 Be7 5. Nf3 O-O 6. e3 h6 7. Bh4 dxc4 8. Bxc4
c5 9. O-O cxd4 10. exd4 Nc6 11. Re1 Bd7 12. d5 Nxd5 13. Bxe7 Nxc3 14. Bxd8 Nxd1
15. Raxd1 Raxd8 16. Bb5 a6 17. Ba4 b5 18. Bc2 Nb4 19. Bb1 Bc6 20. Ne5 f6 21. Ng6
Rxd1 22. Rxd1 Re8 23. Rd6 Bd5 24. h3 Bxa2 25. Bxa2 Nxa2 26. Rxa6 Nb4 27. Rb6 Rd8
28. Rxb5 Kf7 29. Rxb4 Kxg6 30. g3 e5 31. Rb7 f5 32. Kg2 f4 33. gxf4 exf4 34. Rb5
h5 35. h4 Kh6 36. Kf3 g5 37. Rxg5 Rb8 38. Kxf4 Rxb2 39. f3 Rb4+ 40. Kg3 Rb6 41.
Rg8 Rg6+ 42. Rxg6+ Kxg6 43. Kf4 Kf6 44. Ke4 Ke6 45. f4 Kf6 46. f5 Ke7 47. Ke5
Kf7 48. f6 Kf8 49. Kf5 Kf7 50. Kg5 Ke6 51. Kg6 {Black resigns} 1-0

[Event "Team 45 45 League T100"]
[Site "Internet Chess Club"]
[Date "2024.06.23"]
[Round "6"]
[White "Fulmar"]
[Black "garytd"]
[Result "0-1"]
[WhiteElo "1422"]
[BlackElo "1553"]
[Opening "Ruy Lopez: Wormald (Alapin) attack"]
[ECO "C77"]
[Time "12:04:48"]
[PlyCount "64"]
[TimeControl "2700+45"]

1. e4 e5 2. Nf3 Nc6 3. Bb5 a6 4. Ba4 Nf6 5. Qe2 d6 6. c3 b5 7. Bc2 Be7 8. h3 O-O
9. d4 Bb7 10. O-O exd4 11. cxd4 Nb4 12. Re1 Nxc2 13. Qxc2 c5 14. d5 Nd7 15. Bf4
c4 16. a4 Nc5 17. Re3 Nxa4 18. Rxa4 bxa4 19. Qxa4 Qb6 20. Qxc4 Bc8 21. Rb3 Qd8
22. Nd4 Bd7 23. Nc6 Bxc6 24. dxc6 Qa5 25. Nc3 Rfd8 26. Nd5 Qe1+ 27. Kh2 Bf8 28.
c7 Rdc8 29. Nb6 Qxf2 30. Rf3 Qxb6 31. Be3 Qxc7 32. Qxc7 Rxc7 {White resigns} 0-1

[Event "Team 45 45 League T100"]
[Site "Internet Chess Club"]
[Date "2024.06.23"]
[Round "6"]
[White "Electryon"]
[Black "Visin"]
[Result "1-0"]
[WhiteElo "1509"]
[BlackElo "1211"]
[Opening "Queen's pawn game, Chigorin variation"]
[ECO "D02"]
[Time "15:05:05"]
[PlyCount "42"]
[TimeControl "2700+45"]

1. d4 d5 2. Nf3 Nc6 3. e3 Nf6 4. Nbd2 Bf5 5. a3 e6 6. b4 Bd6 7. Bb2 a6 8. Bd3
Bg6 9. O-O O-O 10. Qe2 Ne4 11. c4 f5 12. Ne5 Nxe5 13. dxe5 Be7 14. Nf3 Bh5 15.
cxd5 exd5 16. Qd1 Bxf3 17. gxf3 Ng5 18. Kh1 Nh3 19. f4 g5 20. Qh5 g4 21. Bxf5
Bh4 {Black resigns} 1-0

[Event "Team 45 45 League T100"]
[Site "Internet Chess Club"]
[Date "2024.06.21"]
[Round "6"]
[White "noblitz-oblige"]
[Black "Kingofknights"]
[Result "0-1"]
[WhiteElo "1555"]
[BlackElo "1531"]
[Opening "Caro-Kann: exchange variation"]
[ECO "B13"]
[Time "11:00:54"]
[PlyCount "80"]
[TimeControl "2700+45"]

1. e4 c6 2. d4 d5 3. exd5 cxd5 4. Nf3 Nf6 5. Be2 Nc6 6. O-O Bf5 7. a3 a6 8. Nc3
e6 9. Re1 Be7 10. h3 O-O 11. Nh4 Bg6 12. Nxg6 hxg6 13. Bf4 b5 14. b4 Qb6 15. Be3
Ne8 16. Bf1 Bf6 17. Ne2 Nd6 18. c3 Rfc8 19. Nc1 Ne4 20. Qd3 Ne7 21. Ne2 Qc6 22.
Rec1 Nf5 23. Bd2 Nxd2 24. Qxd2 Nd6 25. Ng3 Nc4 26. Bxc4 Qxc4 27. a4 bxa4 28.
Rxa4 Bxd4 29. Ne2 Bf6 30. Rca1 Bxc3 31. Nxc3 Qxc3 32. Qxc3 Rxc3 33. b5 Kf8 34.
Rb1 Rb8 35. Rxa6 Rbc8 36. b6 Rc1+ 37. Rxc1 Rxc1+ 38. Kh2 Rb1 39. Ra8+ Ke7 40.
Rb8 d4 {White resigns} 0-1

[Event "Team 45 45 League T100"]
[Site "Internet Chess Club"]
[Date "2024.06.23"]
[Round "6"]
[White "jjmolina1"]
[Black "sdcohle"]
[Result "1/2-1/2"]
[WhiteElo "1506"]
[BlackElo "1395"]
[Opening "French: Rubinstein variation"]
[ECO "C10"]
[Time "13:07:03"]
[PlyCount "100"]
[TimeControl "2700+45"]

1. e4 e6 2. d4 d5 3. Nc3 dxe4 4. Nxe4 Nd7 5. Nf3 Be7 6. Bd3 Ngf6 7. O-O O-O 8.
Re1 b6 9. c3 Bb7 10. Qc2 Nxe4 11. Bxe4 Bxe4 12. Rxe4 Nf6 13. Re1 Rc8 14. Qa4 Ra8
15. Ne5 Qe8 16. Qc6 Bd6 17. Bg5 Bxe5 18. Qxe8 Bxh2+ 19. Kxh2 Nxe8 20. Be7 Nd6
21. Bxf8 Rxf8 22. Re2 Re8 23. Rae1 Kf8 24. d5 exd5 25. Rxe8+ Nxe8 26. Re5 c6 27.
Kg3 Nf6 28. f3 Nd7 29. Re3 c5 30. Kf4 Nf6 31. Ke5 Ke7 32. Kf5+ Kd6 33. g4 h6 34.
f4 Ne4 35. g5 h5 36. g6 f6 37. c4 Nf2 38. Re6+ Kd7 39. cxd5 Ng4 40. Re2 Kd6 41.
Ke4 a5 42. a4 Kd7 43. Kd3 f5 44. Re6 Nf6 45. Kc4 h4 46. Re1 Kd6 47. Re6+ Kd7 48.
Re1 Kd6 49. Re6+ Kd7 50. Re1 Kd6 {Game drawn by repetition} 1/2-1/2

[Event "Team 45 45 League T100"]
[Site "Internet Chess Club"]
[Date "2024.06.23"]
[Round "6"]
[White "Denis240964"]
[Black "Constrictor"]
[Result "1/2-1/2"]
[WhiteElo "1353"]
[BlackElo "1442"]
[Opening "Caro-Kann: classical variation"]
[ECO "B18"]
[Time "15:05:32"]
[PlyCount "139"]
[TimeControl "2700+45"]

1. e4 c6 2. d4 d5 3. Nc3 dxe4 4. Nxe4 Bf5 5. Ng3 Bg6 6. c3 Qc7 7. Nf3 e6 8. Ne5
Nf6 9. Nxg6 hxg6 10. Be3 Bd6 11. Qf3 Nbd7 12. Ne4 Nxe4 13. Qxe4 O-O-O 14. g3 Nf6
15. Qf3 Rh5 16. Bg2 Rdh8 17. h4 Nd5 18. O-O-O Rf5 19. Qe2 Nxe3 20. Qxe3 Ra5 21.
Kb1 Qb6 22. c4 Qa6 23. Qb3 Rhh5 24. g4 Rh8 25. c5 Be7 26. Bf1 b5 27. cxb6 Qxb6
28. Qxb6 axb6 29. Bg2 Kc7 30. Rc1 c5 31. b4 Rb5 32. a3 Rxh4 33. Rxh4 Bxh4 34.
Bf1 c4 35. Bxc4 Rg5 36. Bxe6+ Kd6 37. f4 fxe6 38. fxg5 Bxg5 39. Rd1 Bf6 40. Kc2
Kd5 41. Kc3 b5 42. Rd3 Ke4 43. Rd1 Kf4 44. Re1 e5 45. dxe5 Bxe5+ 46. Kb3 Bf6 47.
Re6 Kxg4 48. Rb6 Kf3 49. Rxb5 g5 50. Rf5+ Ke2 51. b5 g4 52. Rh5 g3 53. Rh1 g2
54. Rb1 Kf2 55. a4 g1=Q 56. Rxg1 Kxg1 57. a5 Bd8 58. b6 g5 59. b7 Bc7 60. a6 Bb8
61. Kb4 Ba7 62. Kb5 g4 63. Kc6 g3 64. Kc7 g2 65. b8=Q Bxb8+ 66. Kxb8 Kf1 67. a7
g1=Q 68. a8=Q Qg8+ 69. Ka7 Qxa8+ 70. Kxa8 {Game drawn because neither player has
mating material} 1/2-1/2

[Event "Team 45 45 League T100"]
[Site "Internet Chess Club"]
[Date "2024.06.22"]
[Round "6"]
[White "rgadoury"]
[Black "tamky70"]
[Result "0-1"]
[WhiteElo "1117"]
[BlackElo "1324"]
[Opening "Dutch defense"]
[ECO "A84"]
[Time "19:30:49"]
[PlyCount "71"]
[TimeControl "2700+45"]

1. d4 f5 2. c4 Nf6 3. Nf3 c6 4. Nc3 e6 5. a3 Be7 6. e3 d5 7. c5 Nbd7 8. Be2 O-O
9. O-O Qc7 10. b4 Ne4 11. Nxe4 fxe4 12. Ne5 Nxe5 13. dxe5 Qxe5 14. Rb1 Bf6 15.
h3 Qc7 16. Bb2 e5 17. Bg4 Bd7 18. Bxd7 Qxd7 19. Bc1 Rae8 20. f4 exf4 21. Rxf4
Qe6 22. Bb2 Bxb2 23. Rxb2 Rxf4 24. exf4 Rf8 25. Rf2 Qf6 26. Qg4 Qf5 27. Qxf5
Rxf5 28. g3 d4 29. g4 Rd5 30. Kf1 d3 31. Ke1 e3 32. Rg2 Kf7 33. Rh2 Rd4 34. f5
Rf4 35. Rg2 Rc4 36. Rc2 {White resigns} 0-1

[Event "Team 45 45 League T100"]
[Site "Internet Chess Club"]
[Date "2024.06.23"]
[Round "6"]
[White "vollmerj"]
[Black "burlap"]
[Result "1/2-1/2"]
[WhiteElo "1531"]
[BlackElo "1459"]
[Opening "King's Indian: fianchetto, classical variation, 8.e4"]
[ECO "E68"]
[Time "21:13:48"]
[PlyCount "51"]
[TimeControl "2700+45"]

1. Nf3 Nf6 2. g3 g6 3. Bg2 Bg7 4. O-O O-O 5. d4 d6 6. c4 Nbd7 7. Nc3 e5 8. e4
exd4 9. Nxd4 Re8 10. Re1 Nc5 11. f3 c6 12. Be3 Qe7 13. Nb3 Nxb3 14. Qxb3 Nd7 15.
Rad1 Nc5 16. Bxc5 dxc5 17. Rd2 Be6 18. Red1 b5 19. Bf1 Rad8 20. Rxd8 Rxd8 21.
Kg2 Rxd1 22. Nxd1 Qd7 23. Qc2 Bh3+ 24. Kf2 Bxf1 25. Kxf1 bxc4 26. Ne3 {Game
drawn by mutual agreement} 1/2-1/2

[Event "Team 45 45 League T100"]
[Site "Internet Chess Club"]
[Date "2024.06.22"]
[Round "6"]
[White "smsxman"]
[Black "isolani"]
[Result "0-1"]
[WhiteElo "1390"]
[BlackElo "1479"]
[Opening "King's pawn opening"]
[ECO "B07"]
[Time "10:01:48"]
[PlyCount "108"]
[TimeControl "2700+45"]

1. e4 d6 2. Nc3 Nf6 3. g3 e5 4. Bg2 Be7 5. d3 Nc6 6. a3 Be6 7. Bd2 d5 8. Bg5 d4
9. Bxf6 Bxf6 10. Nd5 Bxd5 11. exd5 Ne7 12. Qf3 Qd6 13. Ne2 O-O 14. O-O Rad8 15.
c4 dxc3 16. Nxc3 c6 17. dxc6 Nxc6 18. Rad1 Nd4 19. Qxb7 Rd7 20. Qe4 Bg5 21. f4
exf4 22. Ne2 fxg3 23. Nxg3 Re7 24. Qg4 Qb6 25. Kh1 Re5 26. b4 Nc2 27. Nf5 Ne3
28. Nxe3 Bxe3 29. Qf3 Qd4 30. Qh3 f5 31. Qf3 f4 32. Qc6 Rg5 33. Qc4+ Kh8 34.
Qxd4 Bxd4 35. Be4 g6 36. Rb1 Kg7 37. a4 Rb8 38. b5 Bb6 39. Rxf4 Bc7 40. Rf3 a6
41. Bc6 axb5 42. Bxb5 Rh5 43. Rf2 Rf8 44. Rbf1 Rxh2+ 45. Kg1 Rhxf2 46. Re1 Bb6
47. Re4 R2f4+ 48. Kg2 Rxe4 49. dxe4 Kf6 50. Bc6 Ke5 51. Kg3 h6 52. Bd5 Ba5 53.
Kg4 Rf4+ 54. Kh3 g5 {White resigns} 0-1

[Event "Team 45 45 League T100"]
[Site "Internet Chess Club"]
[Date "2024.06.23"]
[Round "6"]
[White "rjhoro"]
[Black "Tjet"]
[Result "1-0"]
[WhiteElo "1211"]
[BlackElo "1236"]
[Opening "Pirc: classical (two knights) system"]
[ECO "B08"]
[Time "18:02:54"]
[PlyCount "47"]
[TimeControl "2700+45"]

1. d4 d6 2. e4 Nf6 3. Nc3 g6 4. Nf3 Bg7 5. Be3 O-O 6. Be2 Bg4 7. h3 Bxf3 8. Bxf3
c6 9. Qe2 e5 10. Rd1 exd4 11. Bxd4 Re8 12. O-O Qc7 13. Rd2 Nbd7 14. Rfd1 Ne5 15.
h4 Nxf3+ 16. Qxf3 Nd7 17. Bxg7 Kxg7 18. Rxd6 Rad8 19. Qg3 Re7 20. Rxg6+ hxg6 21.
Qxc7 Rh8 22. Rxd7 Rxd7 23. Qxd7 Rxh4 24. Qxb7 {Black resigns} 1-0

[Event "Team 45 45 League T100"]
[Site "Internet Chess Club"]
[Date "2024.06.24"]
[Round "6"]
[White "Valuablecustome"]
[Black "kabubi"]
[Result "0-1"]
[WhiteElo "998"]
[BlackElo "1155"]
[Opening "Ruy Lopez: Anderssen variation"]
[ECO "C77"]
[Time "20:00:14"]
[PlyCount "56"]
[TimeControl "2700+45"]

1. e4 e5 2. Nf3 Nc6 3. Bb5 a6 4. Ba4 Nf6 5. d3 d6 6. c3 b5 7. Bb3 d5 8. exd5
Nxd5 9. Bxd5 Qxd5 10. Qe2 Be7 11. h3 O-O 12. O-O Bf6 13. Re1 Re8 14. Nbd2 Bf5
15. Ne4 Bxe4 16. dxe4 Qd6 17. Bg5 Ne7 18. Bxf6 Qxf6 19. Rad1 Ng6 20. Rd7 c5 21.
g3 Qe6 22. Rd2 h6 23. Rd5 c4 24. Red1 Qxh3 25. Rd7 Qg4 26. Kg2 Nf4+ 27. Kf1 Nxe2
28. Kxe2 Qxe4+ {White resigns} 0-1

[Event "Team 45 45 League T100"]
[Site "Internet Chess Club"]
[Date "2024.06.24"]
[Round "6"]
[White "clarinetref"]
[Black "Manch"]
[Result "0-1"]
[WhiteElo "1493"]
[BlackElo "1413"]
[Opening "Sicilian defense"]
[ECO "B20"]
[Time "15:01:29"]
[PlyCount "62"]
[TimeControl "2700+45"]

1. e4 c5 2. b3 d5 3. exd5 Qxd5 4. c4 Qe5+ 5. Qe2 Qxa1 6. Qd3 Qe5+ 7. Be2 Bf5 8.
Qc3 Nc6 9. d3 Rd8 10. Nf3 Qxc3+ 11. Nxc3 Bxd3 12. Nd5 e6 13. Bxd3 exd5 14. cxd5
Rxd5 15. Bc4 Re5+ 16. Nxe5 Nxe5 17. Bd5 b6 18. O-O Nf6 19. Bb7 Bd6 20. Rd1 Ke7
21. f4 Ng6 22. Bc6 Nxf4 23. Re1+ Kd8 24. Rd1 Ne2+ 25. Kf2 Nxc1 26. Rxc1 Kc7 27.
Bb5 Ng4+ 28. Ke2 Nxh2 29. Kd3 Ng4 30. Rf1 Ne5+ 31. Kc2 f6 {White resigns} 0-1

[Event "Team 45 45 League T100"]
[Site "Internet Chess Club"]
[Date "2024.06.23"]
[Round "6"]
[White "jfkingiii"]
[Black "herrahuu"]
[Result "1-0"]
[WhiteElo "1442"]
[BlackElo "1375"]
[Opening "Caro-Kann: classical, 6.h4"]
[ECO "B18"]
[Time "12:00:10"]
[PlyCount "77"]
[TimeControl "2700+45"]

1. e4 c6 2. d4 d5 3. Nc3 dxe4 4. Nxe4 Bf5 5. Ng3 Bg6 6. h4 h6 7. h5 Bh7 8. Bd3
Bxd3 9. Qxd3 e6 10. Nf3 Nf6 11. Bd2 Nbd7 12. O-O-O Be7 13. Kb1 O-O 14. Ne4 Nxe4
15. Qxe4 Nf6 16. Qd3 c5 17. Bf4 cxd4 18. Qxd4 Qxd4 19. Nxd4 a6 20. f3 Rfc8 21.
g4 Nd5 22. Bc1 Bg5 23. Bxg5 hxg5 24. h6 gxh6 25. Rxh6 Kg7 26. Rdh1 Rh8 27. Rxh8
Rxh8 28. Rxh8 Kxh8 29. c4 Nc7 30. b4 Kg7 31. Kc2 Kf6 32. Kd3 Ke5 33. Ke3 f5 34.
a4 f4+ 35. Kd3 Kd6 36. Ke4 Na8 37. c5+ Ke7 38. Ke5 Nc7 39. b5 {Black resigns}
1-0

[Event "Team 45 45 League T100"]
[Site "Internet Chess Club"]
[Date "2024.06.20"]
[Round "6"]
[White "SeniorCitizen"]
[Black "Balderdash"]
[Result "1-0"]
[WhiteElo "1123"]
[BlackElo "1149"]
[Opening "Danish gambit"]
[ECO "C21"]
[Time "14:13:20"]
[PlyCount "101"]
[TimeControl "2700+45"]

1. e4 e5 2. d4 exd4 3. c3 Nf6 4. e5 Nd5 5. cxd4 Nc6 6. Nf3 d6 7. Bb5 Bd7 8. O-O
a6 9. Bc4 Ncb4 10. a3 b5 11. Bb3 Be6 12. axb4 dxe5 13. Nxe5 Bxb4 14. Nc6 Qd6 15.
Nxb4 Nxb4 16. Bxe6 fxe6 17. Qh5+ g6 18. Qe5 Qxe5 19. dxe5 Nd3 20. f4 Nxc1 21.
Rxc1 O-O 22. Nd2 Rxf4 23. Rxc7 Rd8 24. Nf3 Rd3 25. Rac1 Rg4 26. R7c3 Rd8 27. Rc8
Rxc8 28. Rxc8+ Kg7 29. Rc6 Rb4 30. Rxa6 Rxb2 31. Rxe6 Rb1+ 32. Kf2 b4 33. Rb6 b3
34. Kg3 Kf7 35. Ng5+ Ke7 36. h4 h6 37. Nf3 b2 38. Kf2 h5 39. Nd2 Ra1 40. Rxb2
Ra5 41. Nf3 Ke6 42. Rb6+ Kf5 43. e6 Ra2+ 44. Kg3 Re2 45. Rb5+ Kf6 46. Re5 Ra2
47. e7 Ra3 48. e8=Q Rxf3+ 49. gxf3 Kg7 50. Re6 g5 51. Qf7+ {Black resigns} 1-0

[Event "Team 45 45 League T100"]
[Site "Internet Chess Club"]
[Date "2024.06.24"]
[Round "6"]
[White "oldbookseller"]
[Black "thundercat1"]
[Result "0-1"]
[WhiteElo "932"]
[BlackElo "995"]
[Opening "Queen's pawn game"]
[ECO "D04"]
[Time "12:30:20"]
[PlyCount "82"]
[TimeControl "2700+45"]

1. d4 d5 2. e3 Nf6 3. Nf3 h5 4. h3 g6 5. Bd3 Bg7 6. b3 c6 7. Bb2 e6 8. Nbd2 a6
9. O-O b5 10. Ba3 Nbd7 11. Re1 Qa5 12. Qc1 Bf8 13. Bb2 Bd6 14. e4 Bf4 15. exd5
Nxd5 16. Bxg6 fxg6 17. Rxe6+ Ne7 18. d5 Ne5 19. Bxe5 Bxe5 20. Nxe5 Bxe6 21. dxe6
Qc3 22. Rb1 Qxe5 23. Nf3 Qxe6 24. Ng5 Qd5 25. c4 Qf5 26. h4 O-O-O 27. cxb5 axb5
28. a4 b4 29. a5 Kb7 30. Qf1 Ra8 31. Ra1 Ra6 32. Qxa6+ Kxa6 33. Nf3 Qd5 34. Re1
Nc8 35. Ne5 Re8 36. f4 Qxb3 37. Rc1 Qe3+ 38. Kh2 Qxc1 39. Nd3 Qc4 40. Ne5 Qxf4+
41. g3 Qxe5 {White resigns} 0-1

[Event "Team 45 45 League T100"]
[Site "Internet Chess Club"]
[Date "2024.06.23"]
[Round "6"]
[White "DaveTheRook"]
[Black "mongmong"]
[Result "1/2-1/2"]
[WhiteElo "1434"]
[BlackElo "1480"]
[Opening "Bogo-Indian defense, Nimzovich variation"]
[ECO "E11"]
[Time "11:19:22"]
[PlyCount "91"]
[TimeControl "2700+45"]

1. d4 e6 2. c4 Nf6 3. Nf3 Bb4+ 4. Bd2 Qe7 5. a3 Bxd2+ 6. Nbxd2 d6 7. e3 e5 8.
dxe5 dxe5 9. e4 O-O 10. Be2 Rd8 11. Qc2 c5 12. O-O b6 13. Rfe1 Nc6 14. Rad1 Bg4
15. h3 Bh5 16. Qc1 h6 17. Qb1 Bg6 18. Bf1 Nd4 19. Nxd4 exd4 20. Bd3 Nh5 21. e5
Bxd3 22. Qxd3 Nf4 23. Qg3 Ne6 24. Nb3 Qg5 25. Qxg5 Nxg5 26. Nc1 Re8 27. Nd3 Re7
28. f4 Ne6 29. g3 Rae8 30. b4 g6 31. b5 Nc7 32. a4 f6 33. exf6 Rxe1+ 34. Rxe1
Rxe1+ 35. Nxe1 Kf7 36. Nd3 Kxf6 37. Kf2 g5 38. fxg5+ Kxg5 39. Kf3 Ne8 40. Ke4
Nd6+ 41. Kd5 Nf5 42. a5 Ne3+ 43. Kc6 Nxc4 44. axb6 axb6 45. Kd5 Na3 46. Kc6
{Game drawn by mutual agreement} 1/2-1/2

[Event "Team 45 45 League T100"]
[Site "Internet Chess Club"]
[Date "2024.06.20"]
[Round "6"]
[White "tightfist"]
[Black "garytd"]
[Result "0-1"]
[WhiteElo "1500"]
[BlackElo "1542"]
[Opening "Queen's pawn game, Darooha variation "]
[ECO "D02"]
[Time "18:07:47"]
[PlyCount "114"]
[TimeControl "2700+45"]

1. Nf3 d5 2. d4 Nf6 3. b3 c5 4. e3 Nc6 5. Be2 h6 6. O-O Bf5 7. a3 e6 8. Bb2 cxd4
9. Nxd4 Nxd4 10. exd4 a6 11. Nd2 Bd6 12. Nf3 Rc8 13. Rc1 Bf4 14. Nd2 Ne4 15.
Nxe4 Bxc1 16. Bxc1 Bxe4 17. c4 dxc4 18. Bxc4 O-O 19. Be3 b5 20. Bd3 Bxd3 21.
Qxd3 Qd5 22. Rd1 Rc6 23. h3 Rfc8 24. Qb1 Rc3 25. Rd3 Qf5 26. Rd1 Qxb1 27. Rxb1
Rc2 28. b4 Ra2 29. Rb3 Rcc2 30. Kh2 Kh7 31. Kg3 Kg6 32. h4 Kf5 33. Kf3 Kf6 34.
g4 Ke7 35. h5 g6 36. hxg6 fxg6 37. Kg3 g5 38. Kf3 Kd6 39. Kg3 Kd5 40. Rd3 Kc4
41. Rd1 Rxa3 42. Rb1 Ra4 43. f4 gxf4+ 44. Kxf4 Rxb4 45. Ra1 Ra4 46. Rh1 b4 47.
Rh5 b3 48. Rc5+ Kd3 49. Rh5 b2 50. Rh3 b1=Q 51. Bg1+ Kc4 52. Rh1 Qf1+ 53. Ke5
Re2+ 54. Kd6 Qf4+ 55. Ke7 Rb4 56. Rh5 Rb7+ 57. Kd8 Qf8# {White checkmated} 0-1

[Event "Team 45 45 League T100"]
[Site "Internet Chess Club"]
[Date "2024.06.21"]
[Round "6"]
[White "Visin"]
[Black "olivermx"]
[Result "1-0"]
[WhiteElo "1216"]
[BlackElo "1414"]
[Opening "Sicilian: Grand Prix attack"]
[ECO "B23"]
[Time "14:00:27"]
[PlyCount "53"]
[TimeControl "2700+45"]

1. e4 c5 2. Nc3 Nc6 3. f4 e5 4. f5 Nf6 5. Nf3 a6 6. d3 b5 7. a3 Bb7 8. Be2 d5 9.
Bg5 dxe4 10. Nxe4 Rc8 11. O-O Nd4 12. c3 Nxf5 13. Nxe5 Bxe4 14. dxe4 Nd6 15. Bd3
Be7 16. Bxf6 Bxf6 17. Ng4 Bg5 18. e5 Nb7 19. Be4 Qb6 20. Kh1 c4 21. Qf3 Rc7 22.
Rad1 O-O 23. Rd5 Nc5 24. Bc2 Re7 25. Rfd1 Ree8 26. Rd6 Qb7 27. Qf5 {Black
resigns} 1-0

[Event "Team 45 45 League T100"]
[Site "Internet Chess Club"]
[Date "2024.06.22"]
[Round "6"]
[White "CMAlge"]
[Black "Electryon"]
[Result "1/2-1/2"]
[WhiteElo "1409"]
[BlackElo "1504"]
[Opening "Queen's pawn game"]
[ECO "D00"]
[Time "11:02:13"]
[PlyCount "57"]
[TimeControl "2700+45"]

1. d4 Nf6 2. Nc3 d5 3. Bf4 e6 4. e3 Be7 5. Nb5 Na6 6. c3 O-O 7. Bd3 c6 8. Na3 c5
9. Nb5 cxd4 10. exd4 Ne8 11. Nf3 Nac7 12. Nxc7 Nxc7 13. Ne5 f5 14. h4 Bf6 15. h5
Bg5 16. g3 Bxf4 17. gxf4 Rf6 18. Qf3 Rh6 19. O-O-O Ne8 20. Rdg1 Nf6 21. Qg3 Qe7
22. Qg5 Kh8 23. Ng6+ hxg6 24. hxg6 Kg8 25. Rxh6 gxh6 26. Qxh6 Qg7 27. Qg5 Bd7
28. f3 Kf8 29. Rh1 {Game drawn by mutual agreement} 1/2-1/2

[Event "Team 45 45 League T100"]
[Site "Internet Chess Club"]
[Date "2024.06.23"]
[Round "6"]
[White "BrerRabbit"]
[Black "rkjulianjr"]
[Result "1/2-1/2"]
[WhiteElo "1301"]
[BlackElo "1251"]
[Opening "Queen's pawn game, Darooha variation "]
[ECO "D02"]
[Time "19:04:04"]
[PlyCount "82"]
[TimeControl "2700+45"]

1. d4 d5 2. Nf3 Nf6 3. g3 c6 4. Bg2 Bg4 5. c4 e6 6. h3 Bh5 7. O-O h6 8. cxd5
exd5 9. Qb3 Qb6 10. Qe3+ Ne4 11. Nfd2 Be7 12. Nxe4 dxe4 13. Qxe4 Qc7 14. Qc2 Bg6
15. Be4 Bxe4 16. Qxe4 O-O 17. e3 Re8 18. Qc2 Qd7 19. Kh2 Na6 20. a3 Nc7 21. Nc3
Bf6 22. Rd1 Rad8 23. b3 Qe6 24. Bb2 Nd5 25. Nxd5 Rxd5 26. Rac1 Rh5 27. Kg2 Qxh3+
28. Kf3 Rf5+ 29. Ke2 Qg4+ 30. Ke1 Rxe3+ 31. fxe3 Qxg3+ 32. Ke2 Rf2+ 33. Kd3 Rxc2
34. Rxc2 Qg6+ 35. Kd2 Qg2+ 36. Kc1 Qd5 37. Rd3 Bg5 38. Rc5 Qe4 39. Rcc3 Qh1+ 40.
Rd1 Qe4 41. Rdd3 Qh1+ {Game drawn by mutual agreement} 1/2-1/2